 Dungeon Crawl Stone Soup version 0.30.1-9-gdf580d7c3d (webtiles) character file.

Game seed: 12459103253108471622

237 Dillybarz the Chopper (level 5, -3/47 HPs)
             Began as a Minotaur Fighter on Oct 16, 2023.
             Slain by an orc wizard
             ... wielding a +2 dagger of speed
              (4 damage)
             ... on level 3 of the Dungeon.
             The game lasted 00:06:24 (2033 turns).

Dillybarz the Chopper (Minotaur Fighter)            Turns: 2033, Time: 00:06:24

Health: -3/47      AC: 10    Str: 22    XL:     5   Next: 77%
Magic:  4/4        EV:  9    Int:  5    God:
Gold:   133        SH:  4    Dex: 10    Spells: 4/4 levels left

rFire   . . .        a - +0 war axe
rCold   . . .        c - +0 buckler
rNeg    . . .        b - +0 scale mail
rPois   .            l - +2 hat
rElec   .            p - +0 cloak
rCorr   .            (no gloves)
SInv    .            (no boots)
Will    .....        (no amulet) Stlth
                     (no ring)
HPRegen 0.27/turn    (no ring)
MPRegen 0.09/turn

%: no passive effects
@: no status effects
A: horns 2, retaliatory headbutt
a: no special abilities


You were on level 3 of the Dungeon.
You visited 1 branch of the dungeon, and saw 3 of its levels.

You collected 133 gold pieces.

Inventory:

Hand Weapons
 a - a +0 war axe (weapon)
Missiles
 m - 32 stones (quivered)
Armour
 b - a +0 scale mail (worn)
 c - a +0 buckler (worn)
 l - a +2 hat (worn)
 p - a +0 cloak (worn)
Jewellery
 r - a ring of willpower
Scrolls
 e - a scroll of noise {unknown}
 f - a scroll of teleportation {unknown}
 h - 4 scrolls of identify {unknown}
 j - a scroll of poison {unknown}
 k - a scroll of brand weapon {unknown}
 t - a scroll of magic mapping {unknown}
Potions
 d - 2 potions of might
 g - 2 potions of heal wounds {unknown}
 i - a potion of brilliance {unknown}
 n - a potion of cancellation {unknown}
 o - 2 potions of magic {unknown}
 q - a potion of attraction {unknown}
 s - a potion of curing {unknown}


   Skills:
 + Level 4.7 Fighting
 * Level 5.1 Axes
 + Level 4.7 Armour
 + Level 4.7 Shields


You had 4 spell levels left.
You didn't know any spells.
Your spell library contained the following spells:

 Spells                   Type           Power      Damage    Failure   Level
 Sublimation of Blood     Necr           0%         N/A       94%         2
 Wereblood                Tmut           0%         N/A       94%         2
 Ozocubu's Armour         Ice            0%         N/A       99%         3
 Ozocubu's Refrigeration  Ice            0%         4d7       100%        7
 Summon Hydra             Summ           0%         N/A       100%        7


Dungeon Overview and Level Annotations

Branches:
Dungeon (3/15)

Altars:


Innate Abilities, Weirdness & Mutations

You have a pair of horns on your head.
You reflexively headbutt those who attack you in melee.


Message History

You closely miss the orc warrior. Your headbutt misses the orc warrior.
The orc warrior is heavily wounded.
You miss something. You slash the orc warrior!
The orc warrior hits you with a +0 long sword!
A magic dart appears from out of thin air!
The magic dart hits something.
Something hits you but does no damage. Something completely misses you.
The orc warrior hits you with a +0 long sword!
* * * LOW HITPOINT WARNING * * *
You barely miss the orc warrior.
The orc warrior is severely wounded.
You barely miss something.
An orc wizard appears from thin air!
Reactivating autopickup.
An orc wizard appears from thin air!
The orc wizard hits you but does no damage.
The orc warrior closely misses you. You block the orc wizard's attack.
You hit the orc warrior. Your headbutt misses the orc warrior.
The orc warrior is almost dead.
You completely miss the orc wizard. You barely miss the orc wizard.
The orc wizard hits you with a +2 dagger of speed.
* * * LOW HITPOINT WARNING * * *
The orc wizard hits you with a +0 dagger.
* * * LOW HITPOINT WARNING * * *
You block the orc warrior's attack. The orc wizard closely misses you.
You hit the orc warrior but do no damage.
Your headbutt misses the orc warrior.
The orc warrior is almost dead.
You slash the orc wizard! You closely miss the orc wizard.
The orc wizard closely misses you. The orc warrior closely misses you.
You furiously retaliate!
You headbutt the orc warrior!
You kill the orc warrior!
The orc wizard hits you but does no damage.
The orc wizard gestures at you while chanting.
You resist with some effort.
Your Axes skill increases to level 5!
The orc wizard gestures at you while chanting.
The puff of flame hits you.
* * * LOW HITPOINT WARNING * * *
The orc wizard hits you with a +2 dagger of speed.
You die...

#.........)...........
#...............######
#...............#
#.........##.####
#..รท......##.#
#.........##.#
#.........##.. ...
#.........#### ...#
#...o@.......# ####..#
#.[.o.................
#.#.########.#........
#.#.# .#........ #.#.#
#........ #.#.#
#........ #.#o#
#........ #.#{#
#........ #.#{#
#........


You could see 2 orc wizards.

Vanquished Creatures
  An orc warrior (D:3)
  Crazy Yiuf (D:2)
  Robin (D:3)
  3 adders
  A worm (D:2)
  3 dart slugs (D:1)
  8 ball pythons
  4 endoplasms
  12 goblins
  11 hobgoblins
  8 bats
  3 frilled lizards (D:1)
  10 kobolds
  6 rats
72 creatures vanquished.

Notes
Turn   | Place    | Note
-------+----------+-------------------------------------------
     0 | D:1      | Dillybarz the Minotaur Fighter began the quest for the Orb.
     0 | D:1      | Reached XP level 1. HP: 19/19 MP: 0/0
   215 | D:1      | Reached XP level 2. HP: 27/27 MP: 1/1
   304 | D:1      | Reached skill level 3 in Axes
  1053 | D:2      | Reached XP level 3. HP: 33/33 MP: 2/2
  1459 | D:2      | Reached XP level 4. HP: 35/40 MP: 3/3
  1516 | D:2      | Found a runed translucent door.
  1517 | D:2      | Noticed Crazy Yiuf
  1523 | D:2      | Killed Crazy Yiuf
  1524 | D:2      | Reached skill level 4 in Axes
  1872 | D:3      | Noticed Robin
  1893 | D:3      | Killed Robin
  1894 | D:3      | Reached XP level 5. HP: 33/47 MP: 4/4
  1974 | D:3      | Noticed an orc warrior
  2032 | D:3      | Killed an orc warrior
  2033 | D:3      | Reached skill level 5 in Axes
  2033 | D:3      | HP: 1/47 [orc wizard/puff of flame (3)]
  2033 | D:3      | Slain by an orc wizard

Illustrated notes

Levels and vault maps discovered:
D:1:      dpeg_arrival_signposts, layout_basic
D:2:      minmay_angry_zag, layout_basic, amcnicky_mini_pool_small,
          uniq_crazy_yiuf_cottage
D:3:      layout_basic, grunt_dithmenos_smoke_and_mirrors, minivault_5,
          uniq_robin

Skill      XL: |  1  2  3  4  5 |
---------------+----------------+-----
Axes           | 3 4 5 |  5.1
Armour         | 4 |  4.7
Shields        | 4 |  4.7
Fighting       | 4 |  4.7

Action                     |  1- 3 |  4- 6 || total
---------------------------+-------+-------++-------
  Melee: War axe           |    94 |    46 ||   140
         Headbutt          |     8 |     8 ||    16
 Armour: Scale mail        |    38 |    26 ||    64
  Dodge: Dodged            |    39 |    28 ||    67
  Block: Buckler           |    20 |    10 ||    30
